 Dungeon Crawl Stone Soup version 0.15.2 (webtiles) character file.

230415 glosham the Shatterer (level 19, 0/234 HPs)
             Began as an Ogre Arcane Marksman on Apr 10, 2017.
             Was the Champion of Makhleb.
             Slain by Mennas
             ... wielding a +1 blessed long sword of holy wrath
              (5 damage)
             ... on Level 3 of the Vaults on Apr 11, 2017.
             The game lasted 11:42:50 (33081 turns).

glosham the Shatterer (Ogre Arcane Marksman)       Turns: 33081, Time: 11:42:50

HP   0/234       AC 10     Str 29      XL: 19   Next: 47%
MP  31/31        EV 14     Int 20      God: Makhleb [******]
Gold 1627        SH  0     Dex 10      Spells:  5 memorised, 18 levels left

rFire  + + .     SeeInvis +     a - +9 giant spiked club (flame)
rCold  + . .     Clarity  .     X - +2 robe {MR+}
rNeg   . . .     rCorr    .     (shield restricted)
rPois  .         rRot     .     W - +2 hat {SInv}
rElec  +         Spirit   .     Y - +2 cloak "Huvunem" {rF+}
SustAb .         Warding  .     (gloves unavailable)
rMut   +         Stasis   .     (boots unavailable)
Gourm  .                        z - amulet of Reimbursement {rMut MR+}
MR     +++..                    B - ring "Biarr" {rElec rF+ Slay+1}
                                A - ring "Grul" {rC+ Str+3 Int+3}

@: mighty, very slightly contaminated, hasted, glowing, silenced, very quick,
extremely resistant to hostile enchantments, very unstealthy
A: unfitting armour, hooves 1, tough skin 1
a: no special abilities
}: 1/15 runes: barnacled


You were on level 3 of the Vaults.
You worshipped Makhleb.
Makhleb was exalted by your worship.
You were very full.

You visited 6 branches of the dungeon, and saw 37 of its levels.
You visited 1 bazaar.
You also visited: Ice Cave.

You collected 4625 gold pieces.
You spent 2998 gold pieces at shops.

Inventory:

Hand weapons
 a - a +9 giant spiked club of flaming (weapon)
 b - a +0 blowgun
Missiles
 c - 36 large rocks
 d - 8 javelins
 e - 88 tomahawks
 f - 7 steel tomahawks (quivered)
 x - 10 throwing nets
 y - 10 curare-tipped needles
 G - 8 needles of slowing
 H - 38 stones
 J - 4 javelins of returning
Armour
 R - a +0 troll leather armour
 W - a +2 hat of see invisible (worn)
 X - a +2 robe of magic resistance (worn)
 Y - the +2 cloak "Huvunem" (worn) {rF+}
   (You bought it in a shop in a bazaar)

   It protects you from fire.
Magical devices
 g - a wand of heal wounds (4)
 h - a wand of hasting (4)
 i - a wand of digging (9)
 j - a wand of disintegration (9)
Comestibles
 D - 19 bread rations
 F - 2 meat rations
Scrolls
 k - 11 scrolls of teleportation
 l - 9 scrolls of blinking
 m - a scroll of fog
 n - 3 scrolls of fear
 o - 17 scrolls of remove curse
 p - a scroll of identify
 q - 5 scrolls of recharging
 I - a scroll of enchant armour
 K - a scroll of immolation
 N - a scroll of torment {!r}
Jewellery
 z - the amulet of Reimbursement (around neck) {rMut MR+}
   (You bought it in a shop on level 4 of the Orcish Mines)

   [amulet of resist mutation]

   It protects you from mutation.
   It affects your resistance to hostile enchantments.
 A - the ring "Grul" (left hand) {rC+ Str+3 Int+3}
   (You bought it in a shop on level 4 of the Orcish Mines)

   [ring of protection from cold]

   It affects your strength (+3).
   It affects your intelligence (+3).
   It protects you from cold.
 B - the ring "Biarr" (right hand) {rElec rF+ Slay+1}
   (You bought it in a shop on level 4 of the Orcish Mines)

   [ring of slaying]

   It affects your accuracy and damage with ranged weapons and melee attacks
   (+1).
   It protects you from fire.
   It insulates you from electricity.
 C - an uncursed ring of protection from cold
Potions
 r - 4 potions of heal wounds
 s - 13 potions of curing
 t - 3 potions of agility
 u - 7 potions of might
 v - a potion of cancellation
 L - a potion of flight
Magical staves
 w - an uncursed staff of wizardry {!a}
Miscellaneous
 E - a box of beasts


   Skills:
 * Level 23.9 Fighting
 * Level 24.3 Maces & Flails
 - Level 13.0 Throwing
 + Level 10.8 Dodging
 - Level 6.0 Spellcasting
 - Level 2.1 Hexes
 - Level 2.0 Charms
 - Level 2.0 Air Magic


You had 18 spell levels left.
You knew the following spells:

 Your Spells              Type           Power        Failure   Level  Hunger
c - Corona                Hex            ##.....      4%          1    None
f - Flight                Chrm/Air       ##........   14%         3    ##.....
r - Regeneration          Chrm/Necr      ##........   21%         3    ##.....
w - Passwall              Trmt/Erth      #.........   30%         3    ##.....
S - Swiftness             Chrm/Air       ##......     10%         2    None


Dungeon Overview and Level Annotations

Branches:
Dungeon (15/15)            Temple (0/1) D:6             Orc (4/4) D:9
    Elf (2/3) Orc:3          Lair (8/8) D:8          Shoals (5/5) Lair:4
 Spider (0/5) Lair:6        Slime (0/6) Lair:6       Vaults (3/5) D:13
  Crypt (0/3) Vaults:2     Depths (0/5) D:15

Altars:
Ashenzari
Cheibriados
Dithmenos
Elyvilon
Fedhas
Kikubaaqudgha
Makhleb
Okawaru
Sif Muna
Vehumet
Zin
The Shining One
Beogh
Jiyva

Shops:
Orc:2 }   Orc:4 =((*?   Elf:1 ?

Portals:
Hell: Lair:8

Annotations:
Vaults:3 Mennas


Innate Abilities, Weirdness & Mutations

You are too large for most types of armour.
You have tough skin (AC +1).
You have large cloven feet.


Message History

Mennas mumbles some strange words.
Mennas is healed somewhat.
You closely miss Mennas. Mennas blocks your attack.
Mennas is severely wounded.
Mennas blocks your attack.
Mennas is severely wounded.
Mennas shakes his head sadly.
Mennas closely misses you.
Mennas hits you with a blessed long sword of holy wrath!!
* * * LOW HITPOINT WARNING * * *
You barely miss Mennas. Your kick misses Mennas.
Mennas is severely wounded.
Mennas closely misses you.
Mennas hits you with a blessed long sword of holy wrath.
* * * LOW HITPOINT WARNING * * *
You skewer Mennas like a kebab!!! You burn Mennas. Your kick misses Mennas.
Mennas is almost dead.
Mennas casts a spell.
Mennas' surroundings become eerily quiet.
Mennas blocks your attack.
Mennas is almost dead.
You puncture Mennas! You burn Mennas. Your kick misses Mennas.
Mennas is almost dead.
Mennas hits you but does no damage.
Mennas hits you with a blessed long sword of holy wrath!
* * * LOW HITPOINT WARNING * * *
You completely miss Mennas. Your kick misses Mennas.
Mennas is almost dead.
Mennas hits you with a blessed long sword of holy wrath!
* * * LOW HITPOINT WARNING * * *
Mennas hits you with a blessed long sword of holy wrath.
* * * LOW HITPOINT WARNING * * *
Mennas blocks your attack.
Your kick misses Mennas.
Mennas is almost dead.
Mennas blocks your attack.
You kick Mennas, but do no damage.
Mennas is almost dead.
Mennas hits you with a blessed long sword of holy wrath!!
* * * LOW HITPOINT WARNING * * *
Mennas hits you with a blessed long sword of holy wrath.
You die...

#####+####
#........#
#........#
#.....@A.#
#........#
#........#
#...$....#
##########


You could see Mennas.

Vanquished Creatures
  Nikola (Elf:2)
  Rupert (D:15)
  A fire giant (Vaults:1)
  Ilsuiw (Shoals:5)
  Donald (Shoals:3)
  A frost giant (IceCv)
  A vault warden (Vaults:1)
  A very ugly thing (Vaults:1)
  A stone giant (Vaults:1)
  2 deep elf annihilators
  The ghost of glosham the Fighter, a powerful OgAM of Okawaru (Lair:4)
  Snorg (Orc:1)
  4 merfolk javelineers (Shoals:5)
  5 vault guards (D:13)
  A yaktaur captain (Vaults:1)
  An ettin (Vaults:1)
  A rakshasa (Vaults:2)
  12 merfolk impalers
  Josephine (D:10)
  A great orb of eyes (Vaults:1)
  A ravenous feature mimic (Bazaar)
  Fannar (D:10)
  8 hydras
  Harold (Lair:2)
  4 ironheart preservers
  Nessos (Orc:3)
  5 ogre magi
  Erica (Lair:2)
  3 sirens
  5 centaur warriors
  18 death yaks
  2 satyrs (Shoals:5)
  An alligator snapping turtle (Shoals:4)
  8 merfolk aquamancers
  A death knight (Vaults:2)
  2 orc high priests
  Urug (D:13)
  A catoblepas (Lair:1)
  An ice devil (Vaults:2)
  6 deep elf knights
  An orb spider (Lair:6)
  10 sea snakes
  5 skeletal warriors (D:15)
  3 unseen horrors
  2 necromancers (Vaults:2)
  4 ironbrand convokers
  3 wizards
  An ice statue (IceCv)
  3 oklob plants
  7 deep elf summoners
  A hill giant (Vaults:1)
  12 deep elf conjurers
  4 orc sorcerers
  14 orc knights
  2 wolf spiders
  A phantasmal warrior (Vaults:2)
  2 water nymphs
  6 manticores
  6 harpies (Shoals:5)
  15 ugly things
  15 fauns
  7 mermaids
  Maurice (D:13)
  2 centaur zombies
  7 griffons
  7 cyclopes
  An elephant (Lair:8)
  10 spiny frogs
  Joseph (D:8)
  3 black mambas
  An elephant (shapeshifter) (Vaults:1)
  6 vault sentinels
  2 orange demons (Lair:8)
  4 gargoyles
  2 naga magi (D:15)
  10 yaktaurs
  A queen bee (Lair:5)
  A yaktaur skeleton (D:15)
  A hellwing (Lair:8)
  5 red devils
  11 komodo dragons
  6 wind drakes
  4 kobold demonologists
  2 blue devils (Lair:8)
  6 fire drakes
  40 merfolk
  6 trolls
  6 deep elf priests
  9 two-headed ogres
  16 polar bears (IceCv)
  A fire vortex (D:12)
  8 slime creatures
  9 blink frogs
  7 snapping turtles
  2 boulder beetles
  5 basilisks
  A redback (Elf:1)
  16 deep elf magi
  3 wraiths
  A human (shapeshifter) (Vaults:1)
  5 water elementals
  5 vampire mosquitoes
  A human (D:13)
  Grum (D:8)
  A hell beast (Lair:8)
  A hill giant zombie (D:10)
  A steam dragon (Lair:2)
  A hungry ghost (D:9)
  A hog (shapeshifter) (Vaults:1)
  29 wolves
  4 fire bats (D:12)
  A hippogriff (shapeshifter) (Elf:2)
  61 yaks
  22 deep elf fighters
  A neqoxec (Orc:4)
  12 hippogriffs
  A human zombie (D:15)
  4 porcupines
  9 wargs
  7 sky beasts
  12 water moccasins
  A mottled dragon (D:14)
  3 hell hounds
  4 black bears
  2 necrophages
  48 orc warriors
  30 centaurs
  2 phantoms (D:9)
  9 ice beasts
  2 yellow wasps
  33 ogres
  A boring beetle (shapeshifter) (Vaults:2)
  A yaktaur zombie (D:15)
  14 crocodiles
  5 big kobolds
  Blork the orc (Orc:1)
  22 giant frogs
  2 eyes of draining
  2 scorpions
  2 troll zombies (D:9)
  A cyclops skeleton (D:14)
  4 wights (D:9)
  30 killer bees
  An electric eel (Lair:4)
  A troll skeleton (D:12)
  7 crimson imps
  2 goliath beetles
  3 jellies
  2 lava snakes (D:12)
  A two-headed ogre zombie (D:12)
  15 hounds
  2 centaur skeletons
  13 iguanas
  29 orc priests
  A giant frog skeleton (D:9)
  2 quasits
  15 worker ants
  A hippogriff simulacrum (D:10)
  26 orc wizards
  37 sheep
  7 ogre zombies
  A hound zombie (D:7)
  Terence (D:2)
  3 gnolls (D:3)
  19 adders
  57 green rats
  5 shadow imps
  2 worms
  5 orc skeletons
  2 giant geckos
  3 oozes (D:1)
  213 orcs
  13 bats
  7 giant cockroaches
  17 hobgoblins
  15 jackals
  15 quokkas
  A ball python (D:3)
  A giant spore (D:13)
  21 goblins
  4 goblin skeletons (D:9)
  2 goblin zombies (D:9)
  A hobgoblin skeleton (D:9)
  3 hobgoblin zombies (D:9)
  26 kobolds
  13 orc zombies (D:9)
  A quokka skeleton (D:7)
  14 rats
  A rat skeleton (D:4)
  4 ballistomycetes
  12 fungi
  9 plants
1513 creatures vanquished.

Vanquished Creatures (collateral kills)
  A merfolk (Shoals:2)
1 creature vanquished.

Vanquished Creatures (others)
  2 fire vortices (D:12)
  A giant spore (D:7)
  2 plants
5 creatures vanquished.

Grand Total: 1519 creatures vanquished

Notes
Turn   | Place    | Note
--------------------------------------------------------------
     0 | D:1      | glosham, the Ogre Arcane Marksman, began the quest for the Orb.
     0 | D:1      | Reached XP level 1. HP: 19/19 MP: 2/2
    56 | D:1      | Reached skill level 2 in Fighting
   128 | D:3      | Noticed an ogre
   131 | D:3      | Killed an ogre
   131 | D:3      | Reached skill level 5 in Fighting
   131 | D:3      | Reached XP level 2. HP: 12/35 MP: 3/3
   131 | D:3      | Reached XP level 3. HP: 14/42 MP: 4/4
   131 | D:3      | Reached XP level 4. HP: 16/50 MP: 6/6
   246 | D:1      | Reached skill level 1 in Maces & Flails
   538 | D:1      | Reached skill level 2 in Maces & Flails
   680 | D:3      | Reached XP level 5. HP: 39/57 MP: 0/7
   841 | D:3      | Reached skill level 3 in Maces & Flails
   883 | D:3      | HP: 4/57 [orc/trident (3)]
   910 | D:3      | HP: 4/57 [orc/mace (5)]
  1155 | D:2      | Noticed Terence
  1157 | D:2      | Killed Terence
  1173 | D:2      | Reached skill level 4 in Maces & Flails
  1464 | D:3      | Reached XP level 6. HP: 54/66 MP: 6/8
  1475 | D:4      | Reached skill level 5 in Maces & Flails
  1572 | D:4      | Reached skill level 6 in Maces & Flails
  2365 | D:5      | Entered Level 5 of the Dungeon
  2442 | D:4      | Reached skill level 7 in Maces & Flails
  2523 | D:5      | Reached XP level 7. HP: 61/74 MP: 9/9
  2704 | D:5      | Found a burning altar of Makhleb.
  2709 | D:5      | Became a worshipper of Makhleb the Destroyer
  2766 | D:5      | Reached skill level 6 in Fighting
  2766 | D:5      | Reached skill level 8 in Maces & Flails
  3073 | D:3      | Found a white marble altar of Elyvilon.
  3122 | D:3      | Acquired Makhleb's first power
  3471 | D:6      | Reached skill level 9 in Maces & Flails
  3543 | D:6      | Reached XP level 8. HP: 60/84 MP: 11/11
  3556 | D:5      | Reached skill level 7 in Fighting
  3795 | D:5      | Found a glowing golden altar of the Shining One.
  3903 | D:6      | Reached skill level 10 in Maces & Flails
  4010 | D:6      | Acquired Makhleb's second power
  4228 | D:7      | Found a glowing silver altar of Zin.
  4229 | D:7      | Found a shattered altar of Ashenzari.
  4385 | D:6      | Reached skill level 8 in Fighting
  4495 | D:6      | Reached skill level 11 in Maces & Flails
  4546 | D:6      | Reached XP level 9. HP: 79/97 MP: 9/12
  4563 | D:6      | Learned a level 2 spell: Swiftness
  4701 | D:5      | Reached skill level 9 in Fighting
  4724 | D:6      | Found a staircase to the Ecumenical Temple.
  4853 | D:6      | HP: 9/98 [killer bee (8)]
  4859 | D:6      | Reached skill level 12 in Maces & Flails
  4859 | D:6      | HP: 2/98 [killer bee (8)]
  4879 | D:7      | HP: 9/98 [poisoned by a killer bee]
  4888 | D:7      | HP: 9/98 [poisoned by a killer bee]
  4893 | D:7      | HP: 9/98 [poisoned by a killer bee]
  4901 | D:7      | HP: 9/98 [poisoned by a killer bee]
  5256 | D:6      | Reached skill level 2 in Dodging
  5433 | D:8      | Acquired Makhleb's third power
  5453 | D:8      | Found a staircase to the Lair.
  5465 | D:8      | Noticed a fire drake
  5475 | D:8      | Killed a fire drake
  5503 | Lair:1   | Entered Level 1 of the Lair of Beasts
  5512 | Lair:1   | Learned a level 3 spell: Passwall
  5563 | Lair:1   | Reached skill level 3 in Dodging
  5574 | Lair:1   | Reached skill level 10 in Fighting
  5574 | Lair:1   | Reached skill level 13 in Maces & Flails
  5723 | Lair:1   | Reached XP level 10. HP: 94/110 MP: 11/13
  5759 | Lair:1   | Noticed a komodo dragon
  5771 | Lair:1   | Killed a komodo dragon
  5789 | Lair:1   | Reached skill level 4 in Dodging
  5798 | Lair:1   | HP: 11/111 [hound (4)]
  5804 | Lair:1   | HP: 8/111 [poisoned by a water moccasin]
  5888 | Lair:1   | Acquired Makhleb's fourth power
  6050 | D:8      | Reached skill level 14 in Maces & Flails
  6105 | D:8      | Found a deep blue altar of Sif Muna.
  6292 | D:8      | Noticed Joseph
  6312 | D:8      | Killed Joseph
  6312 | D:8      | Reached skill level 11 in Fighting
  6353 | D:8      | Found an iron altar of Okawaru.
  6472 | D:9      | Reached skill level 5 in Dodging
  6486 | D:9      | Found a staircase to the Orcish Mines.
  6607 | D:8      | Noticed Grum
  6633 | D:8      | Killed Grum
  6657 | D:8      | Acquired Makhleb's fifth power
  6750 | D:8      | Reached XP level 11. HP: 114/120 MP: 12/14
  6806 | D:8      | Reached skill level 15 in Maces & Flails
  6856 | D:9      | Found a shadowy altar of Dithmenos.
  6873 | D:10     | Entered Level 10 of the Dungeon
  6932 | D:10     | Identified a scroll of acquirement
  6954 | D:10     | Reached skill level 6 in Dodging
  6961 | D:10     | Reached skill level 3 in Throwing
  7638 | D:8      | Reached skill level 2 in Spellcasting
  7683 | D:8      | Found a snail-covered altar of Cheibriados.
  7926 | D:10     | Noticed Josephine
  7942 | D:10     | Noticed Fannar
  7944 | D:10     | Killed Josephine
  7961 | D:10     | Killed Fannar
  7961 | D:10     | Reached skill level 12 in Fighting
  7961 | D:10     | Reached skill level 4 in Throwing
  7982 | D:10     | Got a pitted spear
  8054 | D:9      | Found an ancient bone altar of Kikubaaqudgha.
  8055 | D:9      | Found a blossoming altar of Fedhas.
  8269 | D:10     | Reached skill level 16 in Maces & Flails
  8532 | D:10     | Reached skill level 5 in Throwing
  8573 | D:10     | Identified the +2 spear of Gallantry {pierce, rElec} (You found it on level 10 of the Dungeon)
  8848 | Lair:1   | Noticed a catoblepas
  8889 | Lair:1   | Killed a catoblepas
  9370 | Lair:3   | Found a frozen archway.
  9393 | IceCv    | Entered an ice cave
  9433 | IceCv    | Reached XP level 12. HP: 133/133 MP: 18/18
  9494 | IceCv    | Reached skill level 6 in Throwing
  9512 | IceCv    | Reached skill level 17 in Maces & Flails
  9576 | IceCv    | Reached skill level 13 in Fighting
  9802 | IceCv    | Noticed an ice statue
  9808 | IceCv    | Reached skill level 7 in Throwing
  9930 | IceCv    | Killed an ice statue
  9966 | IceCv    | Noticed a death yak
  9987 | IceCv    | Killed a death yak
  9993 | IceCv    | Reached skill level 18 in Maces & Flails
 10448 | IceCv    | Noticed a frost giant
 10467 | IceCv    | Killed a frost giant
 10467 | IceCv    | Reached skill level 14 in Fighting
 10467 | IceCv    | Reached skill level 8 in Throwing
 10467 | IceCv    | Reached XP level 13. HP: 143/146 MP: 19/19
 10486 | IceCv    | Identified the Handbook of Boosting Hexes
 10491 | IceCv    | Learned a level 3 spell: Flight
 11188 | Lair:2   | Noticed Erica
 11197 | Lair:2   | Killed Erica
 11199 | Lair:2   | Reached skill level 19 in Maces & Flails
 11321 | Lair:2   | Noticed a death yak
 11323 | Lair:2   | Noticed a death yak
 11324 | Lair:2   | Noticed Harold
 11325 | Lair:2   | Noticed a death yak
 11334 | Lair:2   | Noticed a death yak
 11336 | Lair:2   | Noticed a death yak
 11337 | Lair:2   | Killed a death yak
 11348 | Lair:2   | Killed a death yak
 11355 | Lair:2   | Killed a death yak
 11367 | Lair:2   | Killed a death yak
 11368 | Lair:2   | Reached skill level 9 in Throwing
 11371 | Lair:2   | Killed a death yak
 11445 | Lair:2   | Killed Harold
 11859 | Lair:4   | Found a staircase to the Shoals.
 12979 | Lair:6   | Reached skill level 20 in Maces & Flails
 12984 | Lair:6   | Reached skill level 21 in Maces & Flails
 12984 | Lair:6   | Reached XP level 14. HP: 157/157 MP: 20/20
 13207 | Lair:5   | Reached skill level 15 in Fighting
 13417 | Lair:5   | Reached XP level 15. HP: 148/167 MP: 21/21
 13456 | Lair:5   | Reached skill level 10 in Throwing
 13600 | Lair:6   | Found a hole to the Spider Nest.
 13677 | Lair:6   | Found a viscous altar of Jiyva.
 13678 | Lair:6   | Found a staircase to the Slime Pits.
 13842 | Lair:6   | Found a glowing golden altar of the Shining One.
 14592 | Lair:7   | Reached skill level 22 in Maces & Flails
 14924 | Lair:8   | Entered Level 8 of the Lair of Beasts
 14956 | Lair:8   | Reached skill level 16 in Fighting
 15439 | Lair:8   | Reached skill level 7 in Dodging
 15617 | Lair:8   | Reached skill level 17 in Fighting
 16089 | Lair:8   | Paralysed by a wizard for 7 turns
 16106 | Lair:8   | Found a burning altar of Makhleb.
 16495 | Lair:8   | Reached skill level 8 in Dodging
 16586 | Lair:8   | Found a gateway to Hell.
 16783 | Lair:1   | Learned a level 3 spell: Regeneration
 16837 | Orc:1    | Entered Level 1 of the Orcish Mines
 17021 | Orc:2    | Found Cocihac's Gadget Shoppe.
 17112 | Orc:2    | Bought a wand of heal wounds (1) for 450 gold pieces
 17131 | Orc:2    | Found a radiant altar of Vehumet.
 17187 | Orc:2    | Reached skill level 18 in Fighting
 17642 | Orc:1    | Noticed Snorg
 17664 | Orc:1    | Killed Snorg
 17753 | Orc:1    | Noticed Blork the orc
 17769 | Orc:1    | Killed Blork the orc
 17927 | Orc:3    | Found a staircase to the Elven Halls.
 17933 | Orc:4    | Entered Level 4 of the Orcish Mines
 17988 | Orc:4    | Found Ucaipt's Magic Scroll Emporium.
 18000 | Orc:4    | Bought a scroll of brand weapon for 240 gold pieces
 18002 | Orc:4    | Bought a scroll of acquirement for 624 gold pieces
 18004 | Orc:4    | Got a twitching graven amulet
 18005 | Orc:4    | Identified the amulet "Nuator" {rMut rF+ Int+2 SInv Stlth--} (You acquired it on level 4 of the Orcish Mines)
 18194 | Orc:4    | Found an iron altar of Okawaru.
 18440 | Orc:4    | Reached XP level 16. HP: 136/187 MP: 22/22
 18874 | Orc:4    | Found Frusauha's Weapon Emporium.
 18874 | Orc:4    | Found Wuhy's General Store.
 18970 | Orc:4    | Found a roughly hewn altar of Beogh.
 19149 | Orc:4    | Found Otogiwk's Jewellery Emporium.
 19149 | Orc:4    | Found Topuatuuhi's Weapon Shop.
 19165 | Orc:4    | Bought the amulet of Reimbursement {rMut MR+} for 578 gold pieces
 19165 | Orc:4    | Bought the ring "Grul" {rC+ Str+3 Int+3} for 490 gold pieces
 19339 | Orc:3    | Found a glowing golden altar of the Shining One.
 19512 | Orc:3    | Noticed Nessos
 19822 | Orc:3    | Reached skill level 9 in Dodging
 19877 | Orc:3    | Killed Nessos
 20032 | Orc:4    | Bought the ring "Biarr" {rElec rF+ Slay+1} for 297 gold pieces
 20082 | Elf:1    | Entered Level 1 of the Elven Halls
 20108 | Elf:1    | Found a radiant altar of Vehumet.
 20135 | Elf:1    | Reached skill level 19 in Fighting
 20347 | Elf:1    | Found Phiubal's Magic Scroll Shoppe.
 21375 | Elf:1    | Bought a scroll of enchant weapon for 120 gold pieces
 21665 | Elf:2    | Noticed Nikola
 21677 | Elf:2    | Killed Nikola
 22337 | D:11     | Reached skill level 23 in Maces & Flails
 22489 | D:11     | Found a flickering gateway to a bazaar.
 22494 | Bazaar   | Entered a bazaar
 22494 | Bazaar   | Found Naikipt's Antique Weapon Emporium.
 22498 | Bazaar   | Found Nias' Armour Shop.
 22500 | Bazaar   | Naikipt's Antique Weapon Emporium was a mimic.
 22504 | Bazaar   | Reached skill level 20 in Fighting
 22532 | Bazaar   | Found Gap Odaoti's General Store.
 22542 | Bazaar   | Found Bluasiad's Weapon Shoppe.
 22576 | Bazaar   | Bought the +2 cloak "Huvunem" {rF+} for 199 gold pieces
 23324 | D:13     | Reached XP level 17. HP: 201/201 MP: 22/22
 23382 | D:13     | Noticed Maurice
 23405 | D:13     | Killed Maurice
 23939 | D:13     | Found a gate to the Vaults.
 23944 | D:13     | Reached skill level 10 in Dodging
 24141 | D:14     | Reached skill level 3 in Spellcasting
 24685 | D:13     | Noticed Urug
 24688 | D:13     | Killed Urug
 25265 | D:15     | Entered Level 15 of the Dungeon
 25568 | D:15     | Reached skill level 4 in Spellcasting
 25607 | D:15     | Noticed Rupert
 25613 | D:15     | Killed Rupert
 26055 | D:15     | Found a glowing silver altar of Zin.
 26133 | D:15     | Found a staircase to the Depths.
 26300 | D:15     | Got a bloodstained trident
 26900 | Lair:4   | Noticed glosham's ghost (powerful OgAM)
 26915 | Lair:4   | Killed glosham's ghost
 26936 | Shoals:1 | Entered Level 1 of the Shoals
 27010 | Shoals:1 | Reached skill level 1 in Air Magic
 27063 | Shoals:1 | Reached skill level 1 in Charms
 27392 | Shoals:1 | Reached skill level 2 in Charms
 27392 | Shoals:1 | Reached skill level 2 in Air Magic
 27695 | Shoals:2 | Reached skill level 5 in Spellcasting
 27907 | Shoals:2 | Reached skill level 6 in Spellcasting
 27922 | Shoals:2 | HP: 19/204 [merfolk impaler/trident of freezing (12)]
 28200 | Shoals:2 | Reached skill level 21 in Fighting
 28232 | Shoals:3 | Reached skill level 11 in Throwing
 28305 | Shoals:3 | Noticed Donald
 28310 | Shoals:3 | Reached XP level 18. HP: 215/215 MP: 27/30
 28317 | Shoals:3 | Killed Donald
 28360 | Shoals:3 | Found a snail-covered altar of Cheibriados.
 28447 | Shoals:3 | Gained mutation: You have large cloven feet. [potion of beneficial mutation]
 28806 | Shoals:5 | Entered Level 5 of the Shoals
 28966 | Shoals:5 | Noticed Ilsuiw
 28973 | Shoals:5 | Killed Ilsuiw
 29235 | Shoals:5 | Identified a +3 rod of clouds (9/9) (You found it on level 5 of the Shoals)
 29320 | Shoals:5 | Reached skill level 22 in Fighting
 29399 | Shoals:3 | Reached skill level 12 in Throwing
 29460 | Shoals:2 | HP: 20/218 [merfolk/trident (21)]
 30948 | Shoals:5 | Reached skill level 23 in Fighting
 31015 | Shoals:5 | Got a barnacled rune of Zot
 31561 | Vaults:1 | Entered Level 1 of the Vaults
 31709 | Vaults:1 | Reached skill level 13 in Throwing
 31709 | Vaults:1 | Reached XP level 19. HP: 154/231 MP: 25/31
 32092 | Vaults:1 | Reached skill level 24 in Maces & Flails
 32574 | Vaults:2 | Found a staircase to the Crypt.
 33051 | Vaults:3 | Noticed Mennas
 33081 | Vaults:3 | HP: 5/234 [Mennas/blessed long sword of holy wrath (25)]
 33081 | Vaults:3 | Slain by Mennas

Action                   |  1- 3 |  4- 6 |  7- 9 | 10-12 | 13-15 | 16-18 | 19-21 || total
-------------------------+-------+-------+-------+-------+-------+-------+-------++-------
Melee: Unarmed           |    29 |       |       |       |       |       |       ||    29
       Giant spiked club |       |   213 |   239 |   579 |   931 |  1411 |   226 ||  3599
       Spear             |       |       |       |       |     8 |       |       ||     8
 Fire: Blowgun           |       |       |       |     6 |       |       |       ||     6
Throw: Large rock        |     3 |     1 |       |     5 |     3 |    11 |     5 ||    28
       Throwing net      |       |     2 |     1 |     2 |     1 |     2 |       ||     8
       Tomahawk          |       |     1 |    20 |    64 |   104 |    49 |    20 ||   258
       Javelin           |       |       |       |    18 |    12 |     8 |       ||    38
       Stone             |       |       |       |       |       |    13 |       ||    13
 Cast: Corona            |     5 |    88 |    72 |   141 |   183 |    63 |     1 ||   553
       Regeneration      |       |       |       |       |       |    86 |    13 ||    99
       Flight            |       |       |       |       |       |    71 |       ||    71
Evoke: Wand              |       |       |     5 |    10 |     6 |    10 |       ||    31
  Use: Scroll            |     2 |    11 |    11 |    10 |    15 |    19 |       ||    68
       Potion            |       |       |     4 |     1 |     4 |     3 |     4 ||    16
 Stab: Sleeping          |       |       |     1 |       |       |     1 |       ||     2
       Held in net/web   |       |       |     1 |       |       |     1 |       ||     2
       Distracted        |       |       |       |       |       |     1 |       ||     1
  Eat: Chunk             |       |     9 |    12 |    18 |    21 |    31 |       ||    91
       Beef jerky        |       |       |     1 |       |     3 |     1 |     1 ||     6
       Fruit             |       |       |       |     3 |       |    12 |     5 ||    20
       Pizza             |       |       |       |       |     1 |     2 |       ||     3
       Royal jelly       |       |       |       |       |     1 |     5 |       ||     6
       Meat ration       |       |       |       |       |       |     2 |       ||     2

Table legend:
 A = Turns spent in this place as a percentage of turns spent in the entire game.
 B = Non-inter-level travel turns spent in this place as a percentage of non-inter-level travel turns spent in the entire game.
 C = Inter-level travel turns spent in this place as a percentage of turns spent in this place.
 D = Turns resting spent in this place as a percentage of non-inter-level travel turns spent in this place.
 E = Turns spent auto-exploring this place as a percentage of non-inter-level travel turns spent in this place.
 F = Non-inter-level travel turns spent in this place divided by the number of levels of this place that you've seen.
                   A       B       C       D       E      F
               +-------+-------+-------+-------+-------+----------------------
         Total | 100.0 | 100.0 |   0.5 |   0.9 |   0.1 | 676.2
       Dungeon |  37.1 |  37.1 |   0.5 |   0.7 |   0.1 | 652.9
  Orcish Mines |  11.0 |  11.0 |   0.4 |   0.6 |   0.3 | 725.2
   Elven Halls |   6.1 |   6.1 |   0.7 |   2.1 |   0.1 | 808.5
          Lair |  24.0 |  24.0 |   0.7 |   0.6 |   0.1 | 789.8
        Shoals |  13.9 |  14.0 |   0.2 |   1.4 |   0.0 | 735.8
        Vaults |   4.9 |   4.9 |   0.2 |   0.8 |   0.0 | 435.0
        Bazaar |   0.3 |   0.3 |   0.0 |   0.0 |   0.0 |  67.0
      Ice Cave |   2.6 |   2.6 |   0.0 |   2.2 |   0.0 | 689.0
               +-------+-------+-------+-------+-------+----------------------

Table legend:
 A = Kills in this place as a percentage of kills in entire the game.
 B = Kills by you in this place as a percentage of kills by you in the entire game.
 C = Kills by friends in this place as a percentage of kills by friends in the entire game.
 D = Other kills in this place as a percentage of other kills in the entire game.
 E = Experience gained in this place as a percentage of experience gained in the entire game.
 F = Experience gained in this place divided by the number of levels of this place that you have seen.
                   A       B       C       D       E      F
               +-------+-------+-------+-------+-------+----------------------
         Total | 100.0 | 100.0 | 100.0 |  -nan | 100.0 | 8353.8
       Dungeon |  35.9 |  35.9 |   0.0 |  -nan |  18.4 | 4004.1
  Orcish Mines |  16.9 |  16.9 |   0.0 |  -nan |   6.3 | 5149.0
   Elven Halls |   5.2 |   5.2 |   0.0 |  -nan |  10.2 | 16662.5
          Lair |  20.8 |  20.9 |   0.0 |  -nan |  20.0 | 8149.5
        Shoals |  10.8 |  10.7 | 100.0 |  -nan |  25.5 | 16607.2
        Vaults |   6.7 |   6.7 |   0.0 |  -nan |  14.7 | 15921.3
        Bazaar |   0.1 |   0.1 |   0.0 |  -nan |   0.3 | 1021.0
      Ice Cave |   3.7 |   3.7 |   0.0 |  -nan |   4.5 | 14799.0
               +-------+-------+-------+-------+-------+----------------------

Vault maps used:
D:1:      eino_arrival_druids_welcome
D:2:      uniq_terence
D:3:      lemuel_round_altar
D:4:      first_bread, minivault_11
D:5:      lemuel_doored_altar, tso_oasis_becter
D:6:      wad_crossroads, minmay_temple_entry_nine_rooms
D:7:      gammafunk_temple_overflow_statue
D:8:      lemuel_round_altar, okawaru_ov_weapons_minmay, kennysheep_little_box,
          minmay_lair_entry_lava, grunt_ogre_cave, uniq_grum, uniq_joseph
D:9:      grunt_temple_overflow_growth_and_decay, grunt_dithmenos_shadows,
          zombieorc2_lemuel, kennysheep_flooded_box, roderic_lattice_a
D:10:     hangedman_decor_points, minmay_orc_keep, uniq_fannar, uniq_josephine
D:11:     serial_shops, bzr_entry_road, minivault_25
D:12:     hangedman_incinerator
D:13:     grunt_vaults_entry_fortified, uniq_maurice, uniq_urug
D:15:     grunt_enter_depths_magical_seal, amethyst_srp_altar, special_room,
          uniq_rupert
Orc:1:    uniq_blork_the_orc, uniq_snorg
Orc:2:    serial_shops, shop, lemuel_statue_altar
Orc:3:    basic_altar, nicolae_orc_pool_cavern, sword_in_stone, uniq_nessos
Orc:4:    basic_altar, serial_shops, shop_scrolls, st_orc_town
Elf:1:    eino_elf_arrival_altar, serial_shops, nicolae_shop_trees, minivault_16
Elf:2:    grunt_ministairs_12, uniq_nikola
Lair:1:   hibernation_bobbens
Lair:2:   uniq_erica, uniq_harold
Lair:3:   portal_ice_cave_entry_pillars_03
Lair:4:   minmay_shoals_entry_centaurs
Lair:5:   special_room, disabler_island, grunt_megastairs_3
Lair:6:   nicolae_spider_entry_orb_guardian, slime_altar_1, basic_altar
Lair:8:   evil_forest
Shoals:2: nicolae_shoals_aquamancer_cove
Shoals:3: lemuel_oklob_altar, uniq_donald
Shoals:5: shoals_end_simple, shoal_ilsuiw, abandoned_shop
Vaults:1: nicolae_vaults_what_the_h, v_alt_pattern_2, vaults_standard_mumra_x,
          hangedman_vaults_trim, hangedman_vaults_hat, v_misc_10,
          nicolae_vaults_rhombus_5, st_octagons_1,
          nicolae_vaults_little_squares_1, ontoclasm_vaults_gateway, v_misc_16,
          ontoclasm_vaults_misaligned, hangedman_vaults_impose
Vaults:2: vaults_room_door_ring, v_alt_pattern_5, grunt_vaults_hallway_short,
          hangedman_vaults_snaps, serial_ice_h, vaults_room_pools,
          nicolae_vaults_angled_halls, minmay_crypt_entry_simple_corners,
          v_misc_23, grunt_vaults_funnel, ontoclasm_vaults_eye, enter_trove_5,
          uniq_agnes, uniq_jory
Vaults:3: v_misc_13, nicolae_vaults_gold_heap, grunt_tower_of_power,
          v_pattern_4, v_misc_4, hangedman_vaults_maws,
          nicolae_vaults_yaktaur_gun_rack, ontoclasm_vaults_chip, uniq_mennas
Bazaar:   bazaar_kb_twisted_cavern
IceCv:    ice_cave_caverns_01
